 Dungeon Crawl Stone Soup version 0.26-a0-466-g989023bd0d (webtiles) character file.

Game seed: 7193469019698706551

168724 Mesmaeker13 the Arsonist (level 17, -11/115 HPs)
             Began as an Octopode Venom Mage on Aug 5, 2020.
             Was an Initiate of Gozag.
             Killed from afar by Jorgrun (34 damage)
             ... with a blast of rock fragments
             ... on level 14 of the Dungeon.
             The game lasted 02:33:37 (54352 turns).

Mesmaeker13 the Arsonist (Octopode Venom Mage)     Turns: 54352, Time: 02:33:38

Health: -11/115    AC:  6    Str: 17      XL:     17   Next: 65%
Magic:  26/50      EV: 21    Int: 37 (38) God:    Gozag
Gold:   6032       SH: 12    Dex: 19      Spells: 10/36 levels left

rFire    + . .     SeeInvis .   B - +6 mace "Acootozxa" {flame, Str+4 Int+5}
rCold    . . .     Faith    .   b - +1 buckler
rNeg     + . .     Spirit   .   D - +3 hat of Pondering {ponderous, MR+ MP+10 Int+5}
rPois    +         Reflect  +   C - amulet of reflection
rElec    .         Harm     .   k - +6 ring of dexterity
rCorr    +                      p - ring of resist corrosion
MR       ++++.                  n - +6 ring of intelligence
Stlth    +++.......             H - ring of positive energy
HPRegen  0.29/turn              K - ring of protection from magic
MPRegen  0.32/turn              z - ring of fire
                                I - ring of poison resistance
                                G - ring of magical power

@: grasped by roots, constricted, slow
A: almost no armour, stealthy swim, amphibious, 8 rings, constrict 8, thin
metallic scales 1, camouflage 1, clever 1, cold resistance 1, deterioration 1,
magic resistance 1, strong 1, gelatinous body 1, evolution 1
}: 1/15 runes: decaying
a: Potion Petition, Call Merchant, Bribe Branch, Renounce Religion


You were on level 14 of the Dungeon.
You worshipped Gozag.
Gozag was greatly pleased with you.
You visited 6 branches of the dungeon, and saw 29 of its levels.
You also visited: Gauntlet.

You collected 10148 gold pieces.
You spent 2630 gold pieces at shops.
You paid 1486 gold pieces to Gozag.

Inventory:

Hand Weapons
 B - the +6 mace "Acootozxa" (weapon) {flame, Str+4 Int+5}
   (You found it on level 6 of the Lair of Beasts)

   It has been specially enchanted to burn those struck by it, causing extra
   injury to most foes and up to half again as much damage against particularly
   susceptible opponents.
   It affects your strength (+4).
   It affects your intelligence (+5).
 N - a +1 dagger of electrocution
 Q - the +9 rapier "Cufiot" {freeze, *Contam rPois Str+4 Int+2}
   (You bought it in a shop on level 3 of the Lair of Beasts)

   It has been specially enchanted to freeze those struck by it, causing extra
   injury to most foes and up to half again as much damage against particularly
   susceptible opponents.
   It can also slow down cold-blooded creatures.
   It affects your strength (+4).
   It affects your intelligence (+2).
   It protects you from poison.
   It causes magical contamination when unequipped.
Missiles
 d - a throwing net (quivered)
Armour
 b - a +1 buckler (worn)
 D - the +3 hat of Pondering (worn) {ponderous, MR+ MP+10 Int+5}
   (You took it off Gastronok on level 8 of the Dungeon)

   It affects your intelligence (+5).
   It affects your resistance to hostile enchantments.
   It affects your magic capacity (+10).
Jewellery
 k - a +6 ring of dexterity (left tentacle)
 n - a +6 ring of intelligence (on tentacle)
 p - a ring of resist corrosion (right tentacle)
 z - a ring of fire (on tentacle)
 A - an uncursed amulet of the acrobat
 C - an amulet of reflection (around mantle)
 G - a ring of magical power (on tentacle)
 H - a ring of positive energy (on tentacle)
 I - a ring of poison resistance (on tentacle)
 K - a ring of protection from magic (on tentacle)
 L - an uncursed ring of protection from cold
 O - an uncursed amulet of regeneration
Wands
 g - a wand of digging (9)
 w - a wand of enslavement (13)
Scrolls
 a - 2 scrolls of fear
 c - 3 scrolls of teleportation
 e - 5 scrolls of remove curse
 f - 2 scrolls of fog
 h - a scroll of identify
 i - 2 scrolls of enchant armour
 q - 3 scrolls of noise
 r - a scroll of magic mapping
 y - a scroll of torment
 E - a scroll of vulnerability
 M - a scroll of enchant weapon
Potions
 j - 2 potions of resistance
 l - 2 potions of haste
 m - 2 potions of cancellation
 o - 3 potions of heal wounds
 s - 5 potions of curing
 t - 3 potions of flight
 u - 4 potions of stabbing
 v - a potion of brilliance
 x - 6 potions of ambrosia
 F - 5 potions of might


   Skills:
 - Level 10.0 Fighting
 - Level 12.6 Dodging
 - Level 2.6 Stealth
 - Level 4.0 Shields
 + Level 10.0 Spellcasting
 - Level 13.2 Conjurations
 - Level 3.0 Transmutations
 + Level 13.6 Fire Magic
 - Level 5.3 Air Magic
 + Level 11.8 Earth Magic
 - Level 10.1 Poison Magic
 - Level 5.2 Evocations


You had 10 spell levels left.
You knew the following spells:

 Your Spells              Type           Power        Failure   Level
a - Sting                 Tmut/Pois      ####         1%          1
b - Ignite Poison         Fire/Tmut/Pois #######.     1%          3
c - Mephitic Cloud        Conj/Pois/Air  ######..     1%          3
d - Olgreb's Toxic Radia  Pois           #######.     1%          4
e - Sticky Flame          Conj/Fire      ########     1%          4
f - Fireball              Conj/Fire      ########..   1%          5
g - Iron Shot             Conj/Erth      #######...   1%          6

Your spell library contained the following spells:

 Spells                   Type           Power        Failure   Level
 Foxfire                  Conj/Fire      ####         0%          1
 Magic Dart               Conj           ####         0%          1
 Sandblast                Erth           ######       0%          1
 Passwall                 Tmut/Erth      ######..     1%          2
 Poisonous Vapours        Pois/Air       ######       1%          2
 Conjure Flame            Conj/Fire      ########     1%          3
 Inner Flame              Hex/Fire       #######.     1%          3
 Leda's Liquefaction      Hex/Erth       ######....   1%          4
 Petrify                  Tmut/Erth      ######..     1%          4
 Bolt of Magma            Conj/Fire/Erth ########..   1%          5
 Iskenderun's Battlesphe  Conj           #######.     1%          5
 Blink                    Tloc           N/A          3%          2
 Call Imp                 Summ           ###.....     3%          2
 Slow                     Hex            ###.....     3%          2
 Orb of Destruction       Conj           #######...   9%          7
 Statue Form              Tmut/Erth      ######...    16%         6
 Freezing Cloud           Conj/Ice/Air   ######....   26%         6
 Spellforged Servitor     Conj/Summ      ######....   77%         7
 Shatter                  Erth           #######...   100%        9


Dungeon Overview and Level Annotations

Branches:
Dungeon (14/15)            Temple (1/1) D:5            Lair (6/6) D:8
  Swamp (4/4) Lair:3       Spider (2/4) Lair:2        Slime (0/5) Lair:6
    Orc (2/2) D:11            Elf (0/3) Orc:2        Vaults (0/5) D:13
Gauntlet (visited)

Altars:
Ashenzari
Cheibriados
Dithmenos
Elyvilon
Fedhas
Gozag
Hepliaklqana
Kikubaaqudgha
Makhleb
Nemelex Xobeh
Okawaru
Qazlal
Ru
Sif Muna
Trog
Uskayaw
Vehumet
Wu Jian
Xom
Yredelemnul
Zin
The Shining One
Jiyva

Shops:
D:8 ?   D:10 *   D:11 *   Orc:2 :[?!}   Lair:3 *

Portals:
Pandemonium: Orc:2

Annotations:
D:13 2 runed translucent doors, Cuev's ghost, journeyman DrCj
D:14 Jorgrun
Swamp:4 1 exclusion


Innate Abilities, Weirdness & Mutations

You cannot wear most types of armour.
You are very stealthy in the water. (Stealth+)
You are amphibious.
You can wear up to eight rings at the same time.
You can use your tentacles to constrict eight enemies at once.
Your skin changes colour to match your surroundings (Stealth+).
Your rubbery body absorbs attacks. (AC +1, EV +1)
You are partially covered in thin metallic scales. (AC +2)
Your mind is acute. (Int +2)
Your flesh is cold resistant. (rC+)
Your body sometimes deteriorates upon taking damage.
You are resistant to hostile enchantments. (MR+)
Your muscles are strong. (Str +2)
You evolve.


Message History

Confirm with . or Enter, or press ? or * to list all spells.
Aiming: Iron Shot (dangerous; 1% risk of failure)
Press: ? - help, Shift-Dir - straight line, f/p - Jorgrun
Aim: Jorgrun, wielding a +0 vorpal quarterstaff and wearing a +0 robe (heavily wounded)
The iron shot hits Jorgrun!!
Jorgrun is almost dead.
Jorgrun points at you and mumbles some strange words.
The iron shot hits you!!!
* * * LOW HITPOINT WARNING * * *
x2 The grasping roots constrict you!
Casting: Iron Shot (dangerous; 1% risk of failure)
Confirm with . or Enter, or press ? or * to list all spells.
Aiming: Iron Shot (dangerous; 1% risk of failure)
Press: ? - help, Shift-Dir - straight line, f/p - Jorgrun
Aim: Jorgrun, wielding a +0 vorpal quarterstaff and wearing a +0 robe (almost dead)
The iron shot misses Jorgrun.
Jorgrun gestures at you while chanting.
The wall shatters!
The blast of rock fragments hits you!!
You die...
Your body crumbles into a pile of gold.

## #. #. ##
#.## #.# #.@#
#.# #.g##.#
#§§..# #§§.##
#§○## #.°☼#
#...###.#
########......#
...........#.##


You could see Jorgrun.

Vanquished Creatures
  Frances (Spider:1)
  Gastronok (D:8)
  3 thorn hunters (Swamp:4)
  Roxanne (Swamp:4)
  An orc warlord (Orc:1)
  4 dire elephants
  Josephine (Lair:5)
  An ogre mage (D:10)
  Harold (D:7)
  A great orb of eyes (shapeshifter) (D:13)
  A rakshasa (D:14)
  21 hydras
  A catoblepas (Lair:6)
  2 ghost crabs
  An anaconda (Lair:6)
  A centaur warrior (D:13)
  A death knight (D:13)
  13 alligators
  3 shambling mangroves
  5 two-headed ogres
  5 death yaks (Lair:3)
  The ghost of Cyoptosu the Magician, a novice GnFE of Cheibriados (D:10)
  8 orc high priests
  3 tengu warriors
  An infernal demonspawn (Orc:2)
  A sun demon (Orc:2)
  An unseen horror (D:13)
  5 spriggan druids
  A deep elf archer (D:10)
  A lindwurm (D:13)
  Pikel (D:7)
  A necromancer (D:13)
  A phantasmal warrior (D:13)
  5 orc knights (Orc:2)
  9 swamp dragons
  11 wolf spiders
  2 orb spiders (Spider:1)
  2 cyclopes
  2 deep elf magi
  3 ugly things (D:11)
  3 orc sorcerers
  A manticore (D:11)
  Maurice (D:9)
  7 elephants
  3 black mambas
  Psyche (D:8)
  A gargoyle (D:13)
  24 cane toads
  A torpor snail (Lair:5)
  An orange demon (Orc:2)
  Maggie (D:8)
  A rime drake (Lair:6)
  A kobold demonologist (D:12)
  A hellwing (Orc:2)
  8 komodo dragons
  6 demonic crawlers
  A freezing wraith (D:13)
  3 trolls
  A red devil (Orc:2)
  11 jumping spiders
  13 hornets
  A wind drake (shapeshifter) (D:13)
  18 blink frogs
  6 bog bodies
  10 tyrant leeches
  4 dream sheep (Lair:6)
  8 hippogriffs
  Sigmund (D:3)
  18 spriggans
  3 shadows (Swamp:1)
  2 wyverns
  7 wraiths
  35 redbacks
  33 yaks
  11 tarantellas
  4 basilisks
  Grum (D:9)
  15 vampire mosquitoes
  A chaos spawn (Orc:2)
  12 insubstantial wisps
  Menkaure (D:5)
  A warg (Orc:1)
  19 swamp worms
  An acid dragon (D:10)
  13 water moccasins
  13 porcupines
  A soldier ant (D:12)
  15 swamp drakes
  2 sky beasts
  A hornet zombie (D:12)
  37 orc warriors
  3 black bears
  A necrophage (D:7)
  2 eyes of draining
  2 ice beasts (D:11)
  11 ogres
  2 phantoms
  14 wolves
  3 centaurs
  A lemure (D:7)
  13 crocodiles
  3 big kobolds
  16 bullfrogs
  2 gnoll sergeants
  A water moccasin zombie (D:6)
  6 scorpions
  18 killer bees
  2 howler monkeys (D:13)
  31 wights
  4 centaur zombies
  A crimson imp (D:8)
  9 jellies
  A quasit (D:8)
  A bullfrog zombie (D:7)
  6 hounds
  A bullfrog skeleton (D:10)
  4 centaur skeletons
  22 orc priests
  11 orc wizards
  2 iguanas
  13 worker ants
  A hound zombie (D:8)
  3 hound skeletons
  13 gnolls
  16 adders
  3 shadow imps
  A white imp (D:6)
  An ufetubus (D:8)
  3 oozes
  A worm (D:2)
  3 dart slugs
  6 leopard geckos
  71 orcs
  2 bats
  11 giant cockroaches
  9 goblins
  11 hobgoblins
  16 jackals
  4 quokkas
  4 ball pythons
  7 frilled lizards
  19 kobolds
  13 rats
  A butterfly (Lair:4)
  A fungus (Lair:6)
  4 plants (Lair:6)
942 creatures vanquished.

Vanquished Creatures (collateral kills)
  An orc high priest (Orc:2)
  A gelid demonspawn (Orc:2)
  An orc sorcerer (Orc:2)
  A neqoxec (Orc:2)
  An orc warrior (Orc:2)
  An orc priest (Orc:2)
  5 orcs (Orc:2)
11 creatures vanquished.

Vanquished Creatures (others)
  A ynoxinul (Orc:2)
  A wight (D:10)
  An orc priest (Orc:2)
  2 kobolds
  20 fungi
  14 plants
39 creatures vanquished.

Grand Total: 992 creatures vanquished

Notes
Turn   | Place    | Note
-------+----------+-------------------------------------------
     0 | D:1      | Mesmaeker13 the Octopode Venom Mage began the quest for the
                  | Orb.
     0 | D:1      | Reached XP level 1. HP: 11/11 MP: 3/3
   173 | D:1      | Reached XP level 2. HP: 17/17 MP: 5/5
   733 | D:1      | Reached XP level 3. HP: 13/21 MP: 6/6
  1338 | D:2      | Found an opulent altar of Gozag.
  1424 | D:1      | HP: 1/21 [poisoned by an adder]
  1888 | D:2      | Reached XP level 4. HP: 26/27 MP: 2/7
  2273 | D:3      | Learned a level 3 spell: Ignite Poison
  2829 | D:3      | Found an ancient bone altar of Kikubaaqudgha.
  2829 | D:3      | Found a blossoming altar of Fedhas.
  3225 | D:3      | Reached XP level 5. HP: 27/31 MP: 5/9
  3606 | D:3      | Reached skill level 1 in Fire Magic
  3848 | D:3      | Noticed Sigmund
  4458 | D:4      | Noticed an ogre
  4743 | D:4      | Found a glowing golden altar of the Shining One.
  5092 | D:4      | Reached XP level 6. HP: 36/36 MP: 7/10
  5232 | D:4      | Reached skill level 5 in Poison Magic
  5273 | D:4      | Learned a level 3 spell: Mephitic Cloud
  5475 | D:4      | Found a snail-covered altar of Cheibriados.
  6042 | D:5      | Entered Level 5 of the Dungeon
  6085 | D:5      | Reached skill level 1 in Conjurations
  6085 | D:5      | Reached XP level 7. HP: 11/41 MP: 0/11
  7297 | D:3      | Killed Sigmund
  7671 | D:5      | Noticed Menkaure
  7996 | D:5      | Reached XP level 8. HP: 43/46 MP: 2/12
  8379 | D:6      | Found a white marble altar of Elyvilon.
  8385 | D:6      | Learned a level 4 spell: Olgreb's Toxic Radiance
  8546 | D:6      | Reached skill level 5 in Dodging
  9789 | D:7      | HP: 2/46 [orc priest/divine providence (14)]
 10020 | D:7      | Reached XP level 9. HP: 51/51 MP: 8/13
 10088 | D:7      | Reached skill level 5 in Fire Magic
 10917 | D:7      | Reached skill level 5 in Conjurations
 11019 | D:7      | Noticed Pikel
 11054 | D:7      | Killed Pikel
 11188 | D:7      | Found a shattered altar of Ashenzari.
 12152 | D:8      | Noticed Maggie
 12413 | D:8      | Noticed Harold
 12426 | D:7      | Reached XP level 10. HP: 32/56 MP: 9/16
 12447 | D:7      | Reached skill level 1 in Air Magic
 13024 | D:8      | Noticed Gastronok
 13662 | D:7      | Killed Harold
 13662 | D:7      | Reached skill level 5 in Spellcasting
 14183 | D:8      | Found a staircase to the Lair.
 14221 | D:8      | Learned a level 4 spell: Sticky Flame
 14496 | D:8      | Found a stormy altar of Qazlal.
 14585 | D:8      | Killed Maggie
 14585 | D:8      | Reached skill level 1 in Shields
 14879 | D:8      | Found Suxugron's Magic Scroll Shoppe.
 14886 | D:8      | Bought a scroll of identify for 26 gold pieces
 14896 | D:8      | Noticed Psyche
 14924 | D:8      | Killed Psyche
 14924 | D:8      | Reached XP level 11. HP: 56/61 MP: 10/19
 15067 | D:8      | Found a radiant altar of Vehumet.
 15069 | D:8      | Found a burning altar of Makhleb.
 15408 | D:8      | Killed Gastronok
 15741 | D:5      | Found a glowing silver altar of Zin.
 15741 | D:5      | Found a shimmering altar of Xom.
 15741 | D:5      | Found a shimmering altar of Xom.
 15741 | D:5      | Noticed an angel
 15857 | D:5      | Found a staircase to the Ecumenical Temple.
 15991 | D:5      | Killed Menkaure
 16292 | Temple   | Entered the Ecumenical Temple
 16878 | D:2      | Became a worshipper of Gozag Ym Sagoz the Greedy
 17193 | D:9      | Noticed Maurice
 17200 | D:9      | Killed Maurice
 17250 | D:9      | Found Ojeddeij's Weapon Emporium.
 17444 | D:9      | Found a shadowy altar of Dithmenos.
 17444 | D:9      | Found a sacrificial altar of Ru.
 17470 | D:9      | Noticed Grum
 17474 | D:9      | Reached skill level 10 in Poison Magic
 17480 | D:9      | Killed Grum
 17629 | D:9      | Noticed a two-headed ogre
 17637 | D:9      | Killed a two-headed ogre
 17738 | D:9      | Reached skill level 5 in Air Magic
 17738 | D:9      | Reached skill level 1 in Fighting
 18002 | D:10     | Entered Level 10 of the Dungeon
 18123 | D:10     | Reached skill level 1 in Evocations
 19078 | D:10     | Found a runed translucent gate.
 19078 | D:10     | Found a runed translucent gate.
 19078 | D:10     | Found a runed translucent gate.
 19079 | D:10     | Found an opulent altar of Gozag.
 19079 | D:10     | Found Ororph's Assorted Antiques.
 19079 | D:10     | Noticed a deep elf archer
 19079 | D:10     | Noticed an ogre mage
 19080 | D:10     | Noticed Cyoptosu's ghost (novice GnFE)
 19250 | Lair:1   | Entered Level 1 of the Lair of Beasts
 19307 | Lair:1   | Reached XP level 12. HP: 49/69 MP: 21/21
 19312 | Lair:1   | Noticed an eight-headed hydra
 19857 | Lair:1   | Noticed a four-headed hydra
 20408 | Lair:1   | Killed an eight-headed hydra
 20695 | Lair:1   | Killed a four-headed hydra
 20842 | Lair:2   | Found a gate leading to a gauntlet.
 20851 | Gauntlet | Found the +4 skin of Zhor {Englaciate rC+++ SInv}
 20851 | Gauntlet | Entered a Gauntlet
 20851 | Gauntlet | Found a transporter.
 20852 | Gauntlet | Found a runed translucent gate.
 20852 | Gauntlet | Found a runed translucent gate.
 20853 | Gauntlet | Found a runed translucent gate.
 20858 | Gauntlet | Found a transporter.
 20861 | Gauntlet | Found a transporter.
 20862 | Gauntlet | Found a transporter.
 20873 | Gauntlet | Found a transporter.
 20874 | Gauntlet | Found a transporter.
 20875 | Gauntlet | Found a transporter.
 20882 | Gauntlet | Found a transporter.
 20885 | Gauntlet | Found a transporter.
 20886 | Gauntlet | Found a transporter.
 20893 | Gauntlet | Noticed an entropy weaver
 20894 | Gauntlet | Found a transporter.
 20897 | Gauntlet | Found a transporter.
 20898 | Gauntlet | Found a transporter.
 20915 | Gauntlet | Found a transporter.
 21014 | Lair:2   | Got a crude falchion
 21015 | Lair:2   | Identified the +7 falchion of Efukuvam {freeze, Dex+3} (You
                  | found it on level 2 of the Lair of Beasts)
 21161 | Lair:2   | Noticed an eight-headed hydra
 21167 | Lair:2   | Killed an eight-headed hydra
 21167 | Lair:2   | Reached skill level 5 in Evocations
 21506 | Lair:2   | Learned a level 5 spell: Fireball
 22136 | D:11     | Noticed a two-headed ogre
 22151 | D:11     | Killed a two-headed ogre
 22448 | D:11     | Reached XP level 13. HP: 76/76 MP: 15/22
 22615 | D:11     | Found a staircase to the Orcish Mines.
 22808 | Orc:1    | Entered Level 1 of the Orcish Mines
 23054 | Orc:1    | Reached skill level 10 in Conjurations
 23219 | Orc:1    | You fall into a shaft and drop 1 floor!
 23219 | Orc:2    | Entered Level 2 of the Orcish Mines
 23232 | Orc:2    | Found Gipn's Gadget Shoppe.
 23458 | Orc:1    | Reached skill level 10 in Dodging
 23544 | Orc:2    | Found a staircase to the Elven Halls.
 23544 | Orc:2    | Noticed an orc warlord
 23574 | Orc:1    | Killed an orc warlord
 24168 | Orc:2    | Reached skill level 10 in Fire Magic
 25126 | Orc:2    | Found Hual Zev's Magic Scroll Shop.
 25219 | Orc:2    | Found Miemoeg's Distillery.
 25604 | Orc:2    | Gained mutation: You evolve. [potion of mutation]
 25604 | Orc:2    | Gained mutation: Your body sometimes deteriorates upon
                  | taking damage. [potion of mutation]
 25604 | Orc:2    | Gained mutation: Your muscles are strong. (Str +2) [potion
                  | of mutation]
 25794 | Orc:2    | Reached skill level 5 in Fighting
 26083 | Orc:2    | Gained mutation: Your mind is acute. (Int +2) [evolution]
 27458 | Orc:2    | Reached XP level 14. HP: 89/90 MP: 8/23
 28103 | Orc:2    | Found Idaenano's Book Emporium.
 28103 | Orc:2    | Found a one-way gate leading to the halls of Pandemonium.
 28103 | Orc:2    | Found Huddets's Antique Armour Shoppe.
 28201 | Orc:2    | Bought a scroll of identify for 28 gold pieces
 28204 | Orc:2    | Bought a potion of heal wounds for 75 gold pieces
 28204 | Orc:2    | Bought a potion of heal wounds for 75 gold pieces
 28482 | Lair:2   | Found a hole to the Spider Nest.
 30018 | Lair:3   | Found a staircase to the Swamp.
 32430 | Lair:5   | Found a burning altar of Makhleb.
 32635 | Lair:5   | Noticed Josephine
 32640 | Lair:5   | Killed Josephine
 33717 | Lair:6   | Entered Level 6 of the Lair of Beasts
 34170 | Lair:6   | Found a viscous altar of Jiyva.
 34170 | Lair:6   | Found a staircase to the Slime Pits.
 34630 | Lair:6   | Reached XP level 15. HP: 99/99 MP: 25/25
 35286 | Lair:6   | Gained mutation: You are resistant to hostile enchantments.
                  | (MR+) [evolution]
 35772 | Lair:6   | Got a faintly glowing mace
 35774 | Lair:6   | Identified the +6 mace "Acootozxa" {flame, Str+4 Int+5}
                  | (You found it on level 6 of the Lair of Beasts)
 38004 | D:10     | Killed Cyoptosu's ghost
 38636 | D:8      | Bought a scroll of acquirement for 676 gold pieces
 38638 | D:8      | Acquired 680 gold pieces
 38644 | D:8      | Bought a scroll of teleportation for 39 gold pieces
 38644 | D:8      | Bought a scroll of teleportation for 39 gold pieces
 39881 | D:13     | Found a large runed translucent door.
 39881 | D:13     | Found a large runed translucent door.
 40704 | D:13     | Gained mutation: You rapidly evolve. [evolution]
 41283 | Orc:2    | Bought a book of Power for 720 gold pieces
 41293 | Orc:2    | Learned a level 6 spell: Iron Shot
 41329 | Orc:2    | Bought a potion of heal wounds for 75 gold pieces
 41329 | Orc:2    | Bought a potion of heal wounds for 75 gold pieces
 41329 | Orc:2    | Bought a potion of heal wounds for 75 gold pieces
 41739 | D:13     | Noticed Cuev's ghost (journeyman DrCj)
 41787 | D:13     | Found a gate to the Vaults.
 41879 | D:14     | Noticed Jorgrun
 42451 | D:14     | Reached skill level 1 in Earth Magic
 42595 | Spider:1 | Entered Level 1 of the Spider Nest
 42833 | Spider:1 | Noticed Frances
 42842 | Spider:1 | Killed Frances
 43051 | Spider:1 | Reached XP level 16. HP: 108/108 MP: 28/28
 43204 | Lair:2   | Reached skill level 10 in Fighting
 43373 | Spider:1 | Gained mutation: Your flesh is cold resistant. (rC+)
                  | [evolution]
 43510 | Spider:1 | Reached skill level 5 in Earth Magic
 43823 | D:8      | Bought a scroll of teleportation for 39 gold pieces
 44906 | Swamp:1  | Entered Level 1 of the Swamp
 47799 | Swamp:2  | Gained mutation: You are partially covered in thin metallic
                  | scales. (AC +2) [evolution]
 47799 | Swamp:2  | Lost mutation: You rapidly evolve. [decline of evolution]
 48150 | Swamp:2  | Reached skill level 10 in Earth Magic
 48635 | Lair:3   | Bought a crystal rapier for 288 gold pieces
 48635 | Lair:3   | Bought a scroll of teleportation for 96 gold pieces
 48635 | Lair:3   | Bought a scroll of identify for 64 gold pieces
 48636 | Lair:3   | Identified the +9 rapier "Cufiot" {freeze, *Contam rPois
                  | Str+4 Int+2} (You bought it in a shop on level 3 of the
                  | Lair of Beasts)
 50237 | Swamp:4  | Entered Level 4 of the Swamp
 50284 | Swamp:4  | Reached XP level 17. HP: 115/115 MP: 24/29
 51747 | Lair:3   | Bought a scroll of blinking for 240 gold pieces
 52579 | Swamp:4  | Identified Roxanne's Guide on Clay
 52579 | Swamp:4  | Noticed Roxanne
 53296 | Swamp:4  | Got a decaying rune of Zot
 53372 | Swamp:4  | Killed Roxanne
 53372 | Swamp:4  | Reached skill level 10 in Spellcasting
 54352 | D:14     | Killed from afar by Jorgrun

Illustrated notes

Levels and vault maps discovered:
D:1:      mainiacjoe_arrival_reflecting_pool, layout_loops_cross, nrook_campfire
D:2:      layout_rooms, overflow_temple_1_default, minmay_tetromino_o4
D:3:      layout_loops_corners, grunt_temple_overflow_growth_and_decay,
          minmay_pentangle, uniq_sigmund
D:4:      layout_loops_cross, lemuel_doored_altar, old_standard_altar
D:5:      layout_rooms, grunt_temple_overflow_order_and_chaos_1,
          minmay_temple_entry_proselytizer, xom_teletrap_fun, uniq_menkaure
D:6:      layout_gridville, nicolae_overflow_hidden_temple
D:7:      layout_basic, cheibrodos_ashenzari_chains, uniq_pikel
D:8:      layout_rooms, grunt_temple_overflow_lords_of_destruction,
          grunt_qazlal_clouds, minmay_lair_entry_grove, serial_shops,
          nicolae_shop_competitors_out_of_business, uniq_maggie, uniq_gastronok,
          uniq_psyche, uniq_harold
D:9:      layout_roguey, gammafunk_temple_overflow_statue, serial_shops,
          nicolae_shop_temple_entry_statues_fountains, uniq_grum, uniq_maurice
D:10:     layout_cross, ebering_ghost_gozag, wad_floor_pattern_2
D:11:     layout_rooms, orc_0_dummy
D:12:     layout_cave_pools
D:13:     layout_long_grid, david_vaults_4, ebering_ghost_disaster_area
D:14:     layout_basic, chequers_jeans, uniq_jorgrun
Temple:   jpeg_temple_island
Lair:1:   kb_forest_paths, layout_long_grid, small_statue_intersection
Lair:2:   layout_gridlike, nicolae_spider_entry_non_spiders,
          gauntlet_entry_generic, small_statue_intersection, st_stairs_10
Lair:3:   layout_cellular_growth, minmay_swamp_entry_worms, lemuel_fruit_tree
Lair:4:   layout_loops_ring, lemuel_fruit_fields
Lair:5:   layout_regular_city, basic_altar, uniq_josephine
Lair:6:   due_jungle_book, layout_gridlike, slime_altar_1
Swamp:1:  layout_basic_swamp, evilmike_swamp_ruin_house_4
Swamp:2:  layout_basic_swamp, nicolae_swamp_round_clearing, swamp_pool2
Swamp:3:  layout_basic_swamp, hangedman_swamp_pad
Swamp:4:  swamp, layout_basic_swamp, uniq_roxanne
Spider:1: layout_spider_delve, uniq_frances
Spider:2: layout_spider_delve
Orc:1:    layout_caves
Orc:2:    pf_orc_diabolical, layout_caves, serial_shops, shop

Skill      XL: |  1  2  3  4  5  6  7  8  9 10 11 12 13 14 15 16 17 |
---------------+----------------------------------------------------+-----
Poison Magic   | 4 5 6 7 8 9 10 | 10.1
Transmutations | 2 3 |  3.0
Dodging        | 3 4 5 7 8 9 10 11 12 | 12.6
Fire Magic     | 1 2 3 4 6 7 9 10 11 12 13 | 13.6
Spellcasting   | 3 4 5 6 7 8 10 | 10.0
Conjurations   | 1 2 4 5 7 8 9 11 12 13 | 13.2
Air Magic      | 3 5 |  5.3
Shields        | 1 4 |  4.0
Fighting       | 1 2 6 8 9 10 | 10.0
Evocations     | 2 5 |  5.2
Earth Magic    | 2 10 11 | 11.8
Stealth        | |  2.6

Action                   |  1- 3 |  4- 6 |  7- 9 | 10-12 | 13-15 | 16-18 || total
-------------------------+-------+-------+-------+-------+-------+-------++-------
Melee: Hand axe          |    47 |    51 |    27 |       |       |       ||   125
       Constrict         |    11 |    21 |    23 |    34 |    57 |    11 ||   157
       Tentacles         |     7 |     8 |    17 |    44 |    94 |    19 ||   189
       Dagger            |       |       |    47 |   141 |    39 |       ||   227
       Falchion          |       |       |       |    19 |   164 |       ||   183
       Mace              |       |       |       |       |    77 |    88 ||   165
Throw: Throwing net      |       |       |       |     1 |       |       ||     1
 Cast: Sting             |    27 |    90 |   120 |   141 |   107 |    28 ||   513
       Ignite Poison     |       |     2 |    22 |    57 |   107 |    23 ||   211
       Mephitic Cloud    |       |       |    20 |    45 |    79 |     5 ||   149
       Olgreb's Toxic Ra |       |       |     3 |     5 |    40 |    19 ||    67
       Sticky Flame      |       |       |       |    44 |   112 |    75 ||   231
       Fireball          |       |       |       |     7 |   121 |   193 ||   321
       Iron Shot         |       |       |       |       |     5 |    29 ||    34
Invok: Call Merchant     |       |       |       |       |     1 |     1 ||     2
Evoke: Wand              |       |       |       |    49 |    47 |       ||    96
  Use: Scroll            |     3 |     1 |     3 |    15 |    23 |    13 ||    58
       Potion            |       |       |     2 |       |    13 |     1 ||    16
 Stab: Sleeping          |     6 |     3 |     2 |     6 |     6 |       ||    23
       Confused          |       |       |     1 |       |     9 |       ||    10
       Distracted        |       |       |       |     1 |       |       ||     1
       Paralysed         |       |       |       |       |     9 |       ||     9
Armor: Skin              |     2 |     6 |     7 |    14 |    31 |    13 ||    73
Dodge: Dodged            |    42 |    68 |   133 |   265 |   369 |   250 ||  1127
Block: Other             |       |       |     7 |    24 |       |       ||    31
       Reflection        |       |       |       |    10 |    16 |     4 ||    30
       Buckler           |       |       |       |   109 |   273 |   139 ||   521
       Rpst.: Falchion   |       |       |       |    10 |    37 |       ||    47

Table legend: (Time is in decaauts)
 A = Elapsed time spent in this place.
 B = Non-inter-level travel time spent in this place.
 C = Inter-level travel time spent in this place.
 D = Time resting spent in this place.
 E = Time spent auto-exploring this place.
 F = Levels seen in this place.
 G = Mean time per level.
                   A        B        C        D        E       F      G
               +--------+--------+--------+--------+--------+-----+--------+
         Total |  56331 |  51799 |   4532 |  23727 |  18086 |  30 | 1877.7 |
       Dungeon |  25199 |  22542 |   2657 |  10639 |   7419 |  14 | 1799.9 |
        Temple |    562 |    520 |     42 |      0 |    520 |   1 |  562.0 |
          Lair |  14281 |  13335 |    946 |   5558 |   5486 |   6 | 2380.2 |
         Swamp |   8714 |   8138 |    576 |   4462 |   2297 |   4 | 2178.5 |
   Spider Nest |   1626 |   1565 |     61 |    465 |    730 |   2 |  813.0 |
  Orcish Mines |   5796 |   5548 |    248 |   2601 |   1631 |   2 | 2898.0 |
      Gauntlet |    151 |    151 |      0 |      0 |      0 |   1 |  151.0 |
               +--------+--------+--------+--------+--------+-----+--------+

Top non-repeatable levels by time:
   Orc:2: 4563 daAuts
     D:7: 3880 daAuts
  Lair:6: 3394 daAuts
     D:3: 3203 daAuts
  Lair:5: 2909 daAuts
 Swamp:1: 2448 daAuts
  Lair:2: 2365 daAuts
 Swamp:4: 2335 daAuts
    D:13: 2276 daAuts
     D:6: 2211 daAuts
  Lair:1: 2105 daAuts
 Swamp:3: 2092 daAuts
     D:8: 2090 daAuts
  Lair:3: 2023 daAuts
     D:4: 1970 daAuts
